 Dungeon Crawl Stone Soup version 0.20-a0-1122-gb7cbeb9 (webtiles) character file.

121 HAL9000 the Chucker (level 5, -4/53 HPs)
             Began as an Ogre Hunter on May 12, 2017.
             Killed by divine providence
             ... invoked by an orc priest
              (15 damage)
             ... on level 4 of the Dungeon.
             The game lasted 00:06:31 (3230 turns).

HAL9000 the Chucker (Ogre Hunter)                   Turns: 3230, Time: 00:06:32

Health: -4/53      AC:  4    Str: 17    XL:     5   Next: 5%
Magic:  5/5        EV: 10    Int: 12    God:
Gold:   106        SH:  0    Dex:  9    Spells: 4/4 levels left

rFire    + . .     SeeInvis .   k - +0 whip
rCold    . . .     Gourm    .   (no shield)
rNeg     . . .     Faith    .   b - +0 robe
rPois    .         Spirit   .   (helmet restricted)
rElec    .         Reflect  .   q - +0 cloak
rCorr    .         Harm     .   (gloves unavailable)
MR       .....                  (boots unavailable)
Stlth    ++........             t - amulet of regeneration
Regen    0.6/turn               v - ring of protection from fire
MPRegen  0.1/turn               w - ring of stealth

@: no status effects
A: unfitting armour, tough skin 1
a: no special abilities


You were on level 4 of the Dungeon.
You were not hungry.

You visited 1 branch of the dungeon, and saw 4 of its levels.

You collected 106 gold pieces.

Inventory:

Hand Weapons
 k - a +0 whip (weapon)
Missiles
 c - 3 large rocks (quivered)
 d - 2 throwing nets
 m - 2 javelins
Armour
 b - a +0 robe (worn)
 q - a +0 cloak (worn)
Jewellery
 t - an amulet of regeneration (around neck)
 v - a ring of protection from fire (left hand)
 w - a ring of stealth (right hand)
 y - an uncursed amulet of rage {unknown}
Wands
 s - a wand of digging (11/24)
Scrolls
 j - a scroll of magic mapping {unknown}
 l - 4 scrolls of fear {unknown}
 n - 3 scrolls of identify {unknown}
 r - 2 scrolls of recharging {unknown}
 u - 3 scrolls of remove curse {unknown}
 z - a scroll of teleportation {unknown}
Potions
 e - a potion of agility {unknown}
 g - a potion of haste {unknown}
 h - a potion of magic {unknown}
 i - 2 potions of flight {unknown}
 o - a potion of degeneration {unknown}
 A - a potion of heal wounds {unknown}
Comestibles
 a - a royal jelly
 f - 2 bread rations
 p - 4 fruits
 B - 3 chunks of flesh


   Skills:
 - Level 3.6 Fighting
 + Level 3.6 Maces & Flails
 - Level 4.0 Throwing
 - Level 1.7 Dodging
 - Level 0.6 Stealth


You had 4 spell levels left.
You didn't know any spells.

Dungeon Overview and Level Annotations

Branches:
Dungeon (4/15)
 Temple: D:4-7

Altars:
Cheibriados


Innate Abilities, Weirdness & Mutations

You are too large for most types of armour.
You have tough skin. (AC +1)


Message History

Pain shoots through your body!
The orc priest shouts!
An orc comes into view. It is wielding a hand axe.
The orc shouts!
You hit the orc priest but do no damage.
The orc priest hits you.
The orc moves out of view.
The orc priest hits you from afar with a trident.
You barely miss the orc priest. The orc priest hits you.
The orc priest hits you from afar with a trident!
* * * LOW HITPOINT WARNING * * *
You hit the orc priest.
The orc priest is moderately wounded.
The orc priest casts a cantrip, but nothing happens.
An orc comes into view.
It is wielding a translucent spear {pierce}.
The orc shouts!
You hit the orc priest.
The orc priest is severely wounded.
The orc priest calls down the wrath of Beogh upon you.
Beogh smites you!
You die...

...........<#
####>..###.#
#.#.# #.# #.#)#
#.# #.#)###.##
####........#
.....#.###..#
####....##..####
#....@o......
####.##oo###.
### .# o. .. #.


You could see 2 orc priests and 2 orcs.

Vanquished Creatures
  3 gnolls (D:4)
  4 adders
  A worm (D:2)
  3 dart slugs
  2 leopard geckos
  3 giant cockroaches
  3 goblins
  4 hobgoblins
  3 quokkas
  2 ball pythons
  6 bats (D:1)
  5 frilled lizards
  5 kobolds
  5 rats
49 creatures vanquished.

Notes
Turn   | Place    | Note
-------+----------+-------------------------------------------
     0 | D:1      | HAL9000 the Ogre Hunter began the quest for the Orb.
     0 | D:1      | Reached XP level 1. HP: 22/22 MP: 1/1
   490 | D:1      | Reached XP level 2. HP: 30/31 MP: 2/2
   755 | D:1      | Reached skill level 1 in Maces & Flails
  1601 | D:2      | Reached XP level 3. HP: 37/37 MP: 3/3
  2412 | D:3      | Reached XP level 4. HP: 44/46 MP: 4/4
  2599 | D:3      | Found a snail-covered altar of Cheibriados.
  3211 | D:4      | Reached XP level 5. HP: 48/53 MP: 5/5
  3230 | D:4      | Killed from afar by an orc priest

Vault maps used:
D:1:      minmay_arrival_wavy_path, serial_glass, glass_columns_c,
          glass_columns_a
D:3:      old_standard_altar
D:4:      minmay_temple_entry_from_below_a, uniq_menkaure

Skill      XL: |  1  2  3  4 |
---------------+-------------+-----
Fighting       | 3 |  3.6
Maces & Flails | 1 2 3 |  3.6
Throwing       | |  4.0
Dodging        | |  1.7
Stealth        | |  0.6

Action                   |  1- 3 |  4- 6 || total
-------------------------+-------+-------++-------
Melee: Short sword       |    34 |       ||    34
       Whip              |   125 |    66 ||   191
Throw: Large rock        |     1 |     2 ||     3
 Stab: Sleeping          |     4 |     6 ||    10
  Eat: Bread ration      |     1 |       ||     1
       Chunk             |       |     3 ||     3
Armor: Robe              |    57 |    10 ||    67
Dodge: Dodged            |    99 |    26 ||   125
